Map: Beckett Industries LE

Players

Cortex

  • Race: Protoss Protoss
  • League: Gold
  • Spawn Location: 1:00

Pumba - Winner!

  • Race: Zerg Zerg
  • League: Bronze
  • Spawn Location: 7:00

VOD

Have the link to the VOD?

Description

Time

  • Played on: July 27, 2021, 5:32 p.m.
  • Length: 18:17
Show
View Real Time Build Order
Export as new Build Order

Cortex Protoss 

Build Orders: 1 Gate Expand 

Get SALT Encoding   

  12  0:04  Probe  
  13  0:16  Probe  
  14  0:26  Pylon  
  14  0:29  Probe  
  15  0:44  Probe (Chrono Boost)  
  15  0:48  Gateway  
  16  0:56  Probe (Chrono Boost)  
  17  1:03  Probe (Chrono Boost)  
  18  1:06  Assimilator  
  18  1:10  Probe  
  19  1:37  Nexus  
  19  1:40  Cybernetics Core  
  19  1:41  Zealot  
  22  1:47  Probe  
  22  2:00  Gateway  
  22  2:06  Gateway  
  22  2:18  Probe, Pylon  
  23  2:23  Assimilator  
  23  2:36  Sentry, Probe  
  26  2:43  Shield Battery  
  26  2:48  Probe  
  27  2:56  Probe  
  28  3:00  Probe  
  29  3:10  Stalker x2  
  33  3:12  Warp Gate (Chrono Boost)  
  33  3:14  Probe x2  
  35  3:26  Probe (Chrono Boost)  
  37  3:27  Probe (Chrono Boost)  
  37  3:38  Probe (Chrono Boost)  
  37  3:39  Probe (Chrono Boost)  
  39  3:48  Probe (Chrono Boost), Stalker  
  39  3:49  Probe  
  39  3:50  Sentry  
  45  4:05  Pylon  
  45  4:08  Probe  
  46  4:13  Pylon  
  46  4:23  Probe x2  
  48  4:26  Robotics Facility  
  48  4:31  Forge  
  48  4:35  Probe  
  48  4:37  Probe  
  50  4:47  Probe  
  50  4:51  Nexus  
  51  4:53  Pylon  
  51  4:58  Probe  
  51  4:59  Probe  
  53  5:02  Protoss Ground Weapons Level 1 (Chrono Boost)  
  53  5:03  Assimilator  
  53  5:05  Zealot x2, Assimilator  
  57  5:12  Gateway  
  57  5:14  Gateway  
  57  5:16  Gateway  
  57  5:20  Immortal (Chrono Boost)  
  57  5:22  Gateway  
  57  5:25  Pylon  
  61  5:33  Probe  
  61  5:34  Probe  
  63  5:42  Gateway  
  63  5:44  Gateway  
  63  5:46  Probe x2  
  65  5:58  Probe  
  66  6:08  Probe x2  
  66  6:10  Probe  
  69  6:19  Immortal (Chrono Boost)  
  69  6:24  Robotics Bay  
  73  6:28  Robotics Facility  
  73  6:35  Gateway  
  73  6:36  Gateway  
  73  6:38  Twilight Council, Probe x2  
  75  6:43  Stalker x3  
  75  6:44  Stalker  
  83  6:48  Probe  
  83  6:50  Probe  
  85  7:05  Probe x3  
  88  7:13  Charge (Chrono Boost)  
  88  7:20  Probe x3  
  90  7:44  Probe  
  90  7:45  Probe x2  
  90  7:49  Pylon x2  
  93  7:55  Pylon  
  93  7:57  Pylon  
  93  8:00  Cybernetics Core  
  93  8:03  Dark Shrine  
  93  8:06  Pylon  
  93  8:07  Immortal (Chrono Boost)  
  93  8:08  Immortal (Chrono Boost)  
  79  8:22  Assimilator  
  79  8:27  Assimilator  
  69  8:38  Gateway  
  69  8:39  Immortal x2 (Chrono Boost)  
  69  8:40  Gateway  
  75  8:47  Stalker x5  
  76  9:04  Nexus  
  76  9:06  Pylon  
  62  9:19  Dark Templar x4  
  57  9:29  Immortal (Chrono Boost)  
  64  9:39  Immortal (Chrono Boost)  
  58  10:00  Nexus  
  58  10:06  Pylon  
  58  10:16  Immortal  
  58  10:17  Immortal  
  66  10:57  Probe  
  66  10:58  Probe  
  68  11:09  Probe  
  61  11:24  Probe (Chrono Boost)  
  46  11:34  Probe (Chrono Boost)  
  46  11:39  Probe (Chrono Boost)  
  13  11:47  Probe (Chrono Boost)  
  15  11:56  Probe (Chrono Boost)  
  15  11:57  Probe (Chrono Boost)  
  16  12:02  Probe (Chrono Boost)  
  17  12:03  Probe (Chrono Boost)  
  17  12:13  Probe  
  17  12:14  Probe  
  17  12:26  Probe  
Show
View Real Time Build Order
Export as new Build Order

Pumba Zerg - Winner!

Build Orders: Pool First 

Get SALT Encoding   

  12  0:01  Drone  
  13  0:12  Overlord  
  13  0:18  Drone  
  14  0:31  Drone x2  
  14  0:35  Drone  
  17  0:46  Spawning Pool  
  17  0:49  Drone  
  17  1:10  Hatchery  
  16  1:15  Drone  
  16  1:17  Extractor  
  16  1:18  Drone  
  17  1:21  Drone  
  18  1:29  Drone  
  19  1:37  Queen  
  21  1:42  Overlord  
  21  1:56  Zergling x2  
  22  2:07  Drone  
  23  2:13  Queen  
  25  2:21  Metabolic Boost, Drone  
  26  2:30  Drone  
  26  2:31  Drone  
  26  2:36  Overlord  
  28  2:44  Overlord  
  28  2:55  Drone x6  
  34  3:05  Overlord  
  34  3:12  Roach Warren  
  33  3:32  Drone x6  
  33  3:33  Overlord  
  33  3:34  Overlord  
  39  3:36  Drone x2  
  41  3:48  Hatchery  
  40  4:01  Drone x6  
  40  4:02  Drone, Overlord  
  47  4:05  Drone x2  
  49  4:10  Extractor x2  
  49  4:11  Extractor  
  46  4:23  Lair  
  46  4:36  Drone x3  
  49  4:40  Drone x2  
  49  4:41  Drone  
  53  4:45  Drone  
  53  4:46  Drone x2  
  55  4:59  Roach x4  
  63  5:06  Roach x7  
  77  5:14  Overlord x2  
  77  5:25  Glial Reconstitution  
  77  5:36  Roach x11  
  77  5:40  Overlord  
  99  5:55  Overlord x4  
  99  6:17  Roach x10  
  99  6:18  Roach  
  121  6:36  Overlord x3  
  121  6:49  Roach x5  
  121  6:50  Roach x3  
  121  6:52  Overlord x4  
  136  7:13  Overseer  
  128  7:53  Roach x11  
  124  8:33  Roach x14  
  150  9:00  Queen  
  152  9:04  Evolution Chamber  
  152  9:07  Hydralisk Den, Evolution Chamber  
  149  9:13  Drone x9  
  149  9:14  Overlord  
  149  9:16  Drone  
  143  9:31  Overseer x3  
  133  9:41  Roach x13  
  155  10:24  Roach x5, Extractor  
  155  10:25  Roach x5, Extractor  
  155  10:57  Roach x14  
  183  11:05  Zerg Ground Armor Level 1, Zerg Missile Weapons Level 1  
  155  11:37  Roach x15  
  147  13:30  Roach x3  
  147  13:54  Drone  
  147  13:55  Drone  
  147  13:56  Drone, Overlord x2  
  147  14:25  Roach  
  147  14:26  Roach  
  147  14:57  Roach x6  
  147  14:58  Roach  
  147  15:06  Overlord  
  147  15:07  Overlord  
  147  15:40  Roach  
  147  15:41  Roach x9  
  147  16:41  Roach x2  
Tags
 
Add a new tag
Caveats
  • Supply blocks, unpowered buildings, or Contaminate may cause inaccurate times.
  • Supply counts are checked every 10 seconds.